MLB
NEW YORK YANKEES @ CHICAGO WHITE SOX
06/13/2098
 
TOP OF THE 1ST
New York Yankees batting - Pitching for Chicago White Sox : RHP Hector Canadas
Pitching: RHP Hector Canadas
Batting: LHB John Blair 0-0: Ball
1-0: Foul Ball, location: 2F
1-1: Swinging Strike
1-2: Ball
2-2: Foul Ball, location: 2F
2-2: SINGLE (Line Drive, 89M, EV 96.9 MPH)
Batting: RHB Cedric Tracy 0-0: Ball
John Blair steals 2nd base
1-0: Called Strike
1-1: SINGLE (Flyball, 89S, EV 95.0 MPH)
John Blair to third
Batting: RHB Brandon Thomas 0-0: Ball
1-0: Foul Ball, location: 2F
1-1: 3-RUN HOME RUN (Flyball, 7D, EV 93.8 MPH), Distance : 369 ft
Batting: LHB Bill Hayden 0-0: Ground out 3-1 (Groundball, 34, EV 86.9 MPH)
Batting: SHB Seth Hardenbrook 0-0: Ball
1-0: Ball
2-0: Ball
3-0: Base on Balls
Batting: LHB Bobby Brown 0-0: Ball
1-0: Ball
2-0: Ball
3-0: Called Strike
3-1: Swinging Strike
3-2: Base on Balls
Seth Hardenbrook to second
Batting: SHB Chris Clark 0-0: Grounds into double play, 5-4-3 (Groundball, 56S, EV 90.0 MPH)
Top of the 1st over - 3 runs, 3 hits, 0 errors, 1 left on base; New York 3 - Chicago 0
BOTTOM OF THE 1ST
Chicago White Sox batting - Pitching for New York Yankees : RHP Eddy Alvarez
Pitching: RHP Eddy Alvarez
Batting: RHB Greg Bates 0-0: Ground out 6-3 (Groundball, 6M, EV 106.9 MPH)
Batting: RHB Travis De Angelis 0-0: Ball
1-0: Ball
2-0: Ball
3-0: Ground out 6-3 (Groundball, 6, EV 81.3 MPH)
Batting: LHB Dan Roos 0-0: Ball
1-0: Ball
2-0: SOLO HOME RUN (Flyball, 9LD, EV 98.1 MPH), Distance : 357 ft
Batting: LHB Tim Eaton 0-0: Ball
1-0: Ball
2-0: Foul Ball, location: 9LMFF
2-1: Foul Ball, location: 2F
2-2: Foul Ball, location: 7LSF
2-2: Strikes out swinging
Bottom of the 1st over - 1 run, 1 hit, 0 errors, 0 left on base; New York 3 - Chicago 1
TOP OF THE 2ND
New York Yankees batting - Pitching for Chicago White Sox : RHP Hector Canadas
Batting: RHB Matt Foulds 0-0: Called Strike
0-1: SINGLE (Groundball, 4MD, EV 108.8 MPH)
Batting: RHB Carlos Jeronimo 0-0: Ball
1-0: Foul Ball, location: 23F
1-1: Ball
2-1: Ball
3-1: Called Strike
3-2: DOUBLE (Line Drive, 7LM, EV 101.9 MPH)
Matt Foulds to third
Batting: LHB John Blair 0-0: Foul Ball, location: 7LSF
0-1: Ball
1-1: Called Strike
1-2: SINGLE (Line Drive, 78M, EV 96.9 MPH)
Matt Foulds scores
Carlos Jeronimo to third
Runner from 3rd tries for Home, SAFE, throw by CF to home
Batting: RHB Cedric Tracy 0-0: Fly out, F7 (Flyball, 7D, EV 83.1 MPH)
Batting: RHB Brandon Thomas 0-0: Called Strike
0-1: Ball
1-1: Ball
2-1: Swinging Strike
2-2: Fly out, F9 (Flyball, 89M, EV 92.5 MPH)
Batting: LHB Bill Hayden 0-0: Called Strike
0-1: Ball
1-1: Foul Ball, location: 2F
1-2: Ball
2-2: Ground out 4-3 (Groundball, 34S, EV 85.0 MPH)
Top of the 2nd over - 2 runs, 3 hits, 0 errors, 1 left on base; New York 5 - Chicago 1
BOTTOM OF THE 2ND
Chicago White Sox batting - Pitching for New York Yankees : RHP Eddy Alvarez
Batting: LHB Chris McDonough 0-0: Called Strike
0-1: Ball
1-1: Ball
2-1: Foul Ball, location: 3FF
2-2: Ball
3-2: Ground out 4-3 (Groundball, 4, EV 99.4 MPH)
Batting: RHB Joey Aimone 0-0: Fly out, F9 (Flyball, 9, EV 94.4 MPH)
Batting: RHB Cory Gilmore 0-0: Ball
1-0: Fly out, F7 (Flyball, S2, EV 98.1 MPH)
Bottom of the 2nd over - 0 runs, 0 hits, 0 errors, 0 left on base; New York 5 - Chicago 1
TOP OF THE 3RD
New York Yankees batting - Pitching for Chicago White Sox : RHP Hector Canadas
Batting: SHB Seth Hardenbrook 0-0: Ball
1-0: Ground out U3 (Groundball, 34, EV 86.3 MPH)
Batting: LHB Bobby Brown 0-0: Ground out U3 (Groundball, 3, EV 98.1 MPH)
Batting: SHB Chris Clark 0-0: Ball
1-0: Fly out, F6 (Popup, 6M, EV 53.1 MPH)
Top of the 3rd over - 0 runs, 0 hits, 0 errors, 0 left on base; New York 5 - Chicago 1
BOTTOM OF THE 3RD
Chicago White Sox batting - Pitching for New York Yankees : RHP Eddy Alvarez
Batting: RHB Chris Hodges 0-0: Ball
1-0: Called Strike
1-1: Ball
2-1: Ground out 5-3 (Groundball, 56S, EV 85.6 MPH)
Batting: RHB Vinny Figueroa 0-0: Called Strike
0-1: Foul Ball, location: 7LSF
0-2: Ground out 6-3 (Groundball, 6, EV 83.8 MPH)
Batting: RHB Greg Bates 0-0: Swinging Strike
0-1: Ball
1-1: Foul Ball, location: 25FF
1-2: Strikes out swinging
Bottom of the 3rd over - 0 runs, 0 hits, 0 errors, 0 left on base; New York 5 - Chicago 1
TOP OF THE 4TH
New York Yankees batting - Pitching for Chicago White Sox : RHP Hector Canadas
Batting: RHB Matt Foulds 0-0: Called Strike
0-1: Ground out U3 (Groundball, 34, EV 91.9 MPH)
Batting: RHB Carlos Jeronimo 0-0: Fly out, F9 (Flyball, 9D, EV 109.4 MPH)
Batting: LHB John Blair 0-0: Foul Ball, location: 9LSF
0-1: Ground out U3 (Groundball, 3, EV 90.0 MPH)
Top of the 4th over - 0 runs, 0 hits, 0 errors, 0 left on base; New York 5 - Chicago 1
BOTTOM OF THE 4TH
Chicago White Sox batting - Pitching for New York Yankees : RHP Eddy Alvarez
Batting: RHB Travis De Angelis 0-0: Swinging Strike
0-1: Ball
1-1: Foul Ball, location: 2F
1-2: Ball
2-2: Ball
3-2: Foul Ball, location: 3SF
3-2: Strikes out looking
Batting: LHB Dan Roos 0-0: Foul Ball, location: 2LF
0-1: Ball
1-1: Reached on error, E5 (Groundball, 15, EV 88.1 MPH)
Batting: LHB Tim Eaton 0-0: Fly out, F8 (Flyball, 8LD, EV 103.1 MPH)
Batting: LHB Chris McDonough 0-0: Swinging Strike
0-1: Foul Ball, location: 2F
0-2: Ball
1-2: Foul Ball, location: 2F
1-2: Fielders Choice at 2nd, 5-4 (Groundball, 56, EV 76.9 MPH)
Bottom of the 4th over - 0 runs, 0 hits, 1 error, 1 left on base; New York 5 - Chicago 1
TOP OF THE 5TH
New York Yankees batting - Pitching for Chicago White Sox : RHP Hector Canadas
Batting: RHB Cedric Tracy 0-0: Ground out 4-3 (Groundball, 4MD, EV 101.3 MPH)
Batting: RHB Brandon Thomas 0-0: Ground out 4-3 (Groundball, 34D, EV 96.3 MPH)
Batting: LHB Bill Hayden 0-0: Foul Ball, location: 7LDF
0-1: Swinging Strike
0-2: Ground out 5-3 (Groundball, 56, EV 88.1 MPH)
Top of the 5th over - 0 runs, 0 hits, 0 errors, 0 left on base; New York 5 - Chicago 1
BOTTOM OF THE 5TH
Chicago White Sox batting - Pitching for New York Yankees : RHP Eddy Alvarez
Batting: RHB Joey Aimone 0-0: Called Strike
0-1: Ball
1-1: Ball
2-1: Ball
3-1: Foul Ball, location: 2F
3-2: Foul Ball, location: 23F
3-2: Foul Ball, location: 2F
3-2: SINGLE (Flyball, 56D, EV 98.1 MPH)
Batting: RHB Cory Gilmore 0-0: Called Strike
0-1: Fielders Choice at 2nd, 6-4 (Groundball, 6, EV 97.5 MPH)
Batting: RHB Chris Hodges 0-0: Ball
1-0: 2-RUN HOME RUN (Flyball, 7D, EV 96.9 MPH), Distance : 372 ft
Batting: RHB Vinny Figueroa 0-0: Fly out, F7 (Line Drive, 5D, EV 61.9 MPH)
Batting: RHB Greg Bates 0-0: Ground out 5-3 (Groundball, 56S, EV 76.9 MPH)
Bottom of the 5th over - 2 runs, 2 hits, 0 errors, 0 left on base; New York 5 - Chicago 3
TOP OF THE 6TH
New York Yankees batting - Pitching for Chicago White Sox : RHP Hector Canadas
Pitching: LHP Carlos Castro
Batting: SHB Seth Hardenbrook 0-0: Called Strike
0-1: Foul Ball, location: 2F
0-2: Ball
1-2: Foul Ball, location: 7LMF
1-2: Foul Ball, location: 5DF
1-2: Foul Ball, location: 2F
1-2: Ball
2-2: Foul Ball, location: 2F
2-2: Strikes out looking
Batting: LHB Bobby Brown 0-0: Ball
1-0: Ground out 6-3 (Groundball, 6, EV 81.9 MPH)
Batting: SHB Chris Clark 0-0: Bunt for hit to 15 - play at first, batter OUT! 1-3
Top of the 6th over - 0 runs, 0 hits, 0 errors, 0 left on base; New York 5 - Chicago 3
Top of the 6th over - 0 runs, 0 hits, 0 errors, 0 left on base; New York 5 - Chicago 3
BOTTOM OF THE 6TH
Chicago White Sox batting - Pitching for New York Yankees : RHP Eddy Alvarez
Batting: RHB Travis De Angelis 0-0: Called Strike
0-1: Ball
1-1: Ball
2-1: Fly out, F8 (Line Drive, 8RD, EV 92.5 MPH)
Batting: LHB Dan Roos 0-0: Fly out, F9 (Flyball, 89M, EV 94.4 MPH)
Batting: LHB Tim Eaton 0-0: Ball
1-0: Fly out, F8 (Flyball, 8RXD, EV 110.0 MPH)
Bottom of the 6th over - 0 runs, 0 hits, 0 errors, 0 left on base; New York 5 - Chicago 3
TOP OF THE 7TH
New York Yankees batting - Pitching for Chicago White Sox : LHP Carlos Castro
Pitching: RHP Keith Dragisic
Batting: RHB Matt Foulds 0-0: Swinging Strike
0-1: Ball
1-1: Ball
2-1: Ball
3-1: Foul Ball, location: 23F
3-2: Strikes out swinging
Batting: RHB Carlos Jeronimo 0-0: Called Strike
0-1: Called Strike
0-2: Hit by Pitch
Batting: LHB John Blair 0-0: Ball
1-0: Called Strike
1-1: Foul Ball, location: 2F
1-2: Fielders Choice at 2nd, 2-6 (Groundball, 13S, EV 72.5 MPH)
Batting: RHB Cedric Tracy 0-0: Ball
1-0: Swinging Strike
1-1: Called Strike
1-2: Ball
2-2: Ball
3-2: Base on Balls
John Blair to second
Batting: RHB Brandon Thomas 0-0: Called Strike
0-1: Swinging Strike
0-2: Fly out, F8 (Line Drive, 8RM, EV 96.9 MPH)
Top of the 7th over - 0 runs, 0 hits, 0 errors, 2 left on base; New York 5 - Chicago 3
BOTTOM OF THE 7TH
Chicago White Sox batting - Pitching for New York Yankees : RHP Eddy Alvarez
Batting: LHB Chris McDonough 0-0: Ball
1-0: Called Strike
1-1: Ball
2-1: Ball
3-1: Base on Balls
Batting: RHB Joey Aimone 0-0: Called Strike
0-1: Swinging Strike
0-2: Strikes out swinging
Batting: RHB Cory Gilmore 0-0: Called Strike
0-1: Fly out, F8 (Flyball, 8RS, EV 91.3 MPH)
Batting: RHB Chris Hodges 0-0: Ball
1-0: Ball
2-0: Swinging Strike
2-1: Ball
3-1: Ground out 4-3 (Groundball, 4D, EV 105.0 MPH)
Bottom of the 7th over - 0 runs, 0 hits, 0 errors, 1 left on base; New York 5 - Chicago 3
TOP OF THE 8TH
New York Yankees batting - Pitching for Chicago White Sox : RHP Keith Dragisic
Batting: LHB Bill Hayden 0-0: Swinging Strike
0-1: Swinging Strike
0-2: Ball
1-2: Foul Ball, location: 2F
1-2: Strikes out swinging
Batting: SHB Seth Hardenbrook 0-0: Ball
1-0: SINGLE (Groundball, 6MD, EV 106.9 MPH)
Pitching: LHP Jeffrey Baker
Batting: LHB Bobby Brown 0-0: Fly out, F7 (Flyball, 78S, EV 90.0 MPH)
Batting: SHB Chris Clark 0-0: Ball
1-0: Swinging Strike
1-1: Swinging Strike
1-2: Foul Ball, location: 5SF
1-2: Ball
2-2: Strikes out looking
Top of the 8th over - 0 runs, 1 hit, 0 errors, 1 left on base; New York 5 - Chicago 3
BOTTOM OF THE 8TH
Chicago White Sox batting - Pitching for New York Yankees : RHP Eddy Alvarez
Batting: RHB Vinny Figueroa 0-0: Called Strike
0-1: Ball
1-1: DOUBLE (Line Drive, 7LM, EV 95.6 MPH)
Batting: RHB Greg Bates 0-0: Called Strike
0-1: Called Strike
0-2: SINGLE (Groundball, 5D, EV 103.1 MPH)
Vinny Figueroa to third
Runner from 3rd tries for Home, SAFE, throw by LF to home
Batting: RHB Travis De Angelis 0-0: Reached on error, E7 (Flyball, 7S, EV 108.1 MPH)
Greg Bates to second
Batting: LHB Dan Roos 0-0: Foul Ball, location: 2F
0-1: Ball
1-1: Foul Ball, location: 7LSF
1-2: 3-RUN HOME RUN (Flyball, 9LD, EV 93.1 MPH), Distance : 349 ft
Pitching: RHP Terry Lichtenberg
Batting: LHB Tim Eaton 0-0: Foul Ball, location: 9LMF
0-1: Foul Ball, location: 9LSF
0-2: Ball
1-2: Ball
2-2: Strikes out looking
Batting: LHB Chris McDonough 0-0: Ball
1-0: Ball
2-0: Ball
3-0: Called Strike
3-1: Foul Ball, location: 2F
3-2: Foul Ball, location: 2F
3-2: Foul Ball, location: 3SF
3-2: Reached on error, E3 (Groundball, 34S, EV 64.4 MPH)
Batting: RHB Joey Aimone 0-0: Fly out, F4 (Popup, 13, EV 81.9 MPH)
Batting: RHB Cory Gilmore 0-0: SINGLE (Line Drive, 78M, EV 93.1 MPH)
Chris McDonough to second
Batting: RHB Chris Hodges 0-0: Swinging Strike
0-1: Foul Ball, location: 5DF
0-2: 3-RUN HOME RUN (Flyball, 9D, EV 95.0 MPH), Distance : 375 ft
Pitching: LHP Bob Chartier
Batting: RHB Vinny Figueroa 0-0: Called Strike
0-1: Called Strike
0-2: Strikes out swinging
Bottom of the 8th over - 7 runs, 5 hits, 2 errors, 0 left on base; New York 5 - Chicago 10
TOP OF THE 9TH
New York Yankees batting - Pitching for Chicago White Sox : LHP Jeffrey Baker
Pitching: LHP Victor Molina
Batting: RHB Matt Foulds 0-0: Ball
1-0: Ball
2-0: Ball
3-0: Foul Ball, location: 9LSF
3-1: Base on Balls
Batting: RHB Carlos Jeronimo 0-0: Swinging Strike
0-1: Ball
1-1: Ball
2-1: Foul Ball, location: 9LMF
2-2: Strikes out swinging
Batting: LHB John Blair 0-0: Called Strike
0-1: Grounds into double play, U3-6 (Groundball, 3L, EV 89.4 MPH)
Top of the 9th over - 0 runs, 0 hits, 0 errors, 0 left on base; New York 5 - Chicago 10
Saturday, April 6th , 2024 - OOTP Baseball 24.11 Build 85